 Dungeon Crawl Stone Soup version 0.29.0-4-gdea44cf6ec (webtiles) character file.

Game seed: 13422880062616465928

74 qw the Chopper (level 4, -5/26 HPs)
             Began as a Tengu Warper on Aug 28, 2022.
             Slain by an ogre
             ... wielding a +0 giant club
              (8 damage)
             ... on level 3 of the Dungeon.
             The game lasted 00:00:10 (2245 turns).

qw the Chopper (Tengu Warper)                       Turns: 2245, Time: 00:00:11

Health: -5/26      AC: 11    Str: 13    XL:     4   Next: 28%
Magic:  8/8        EV: 11    Int: 13    God:
Gold:   128        SH:  0    Dex: 14    Spells: 7/7 levels left

rFire   . . .      SeeInvis .   Y - +3 hand axe (chaos)
rCold   . . .      Faith    .   (no shield)
rNeg    . . .      Spirit   .   j - +0 ring mail
rPois   .          Reflect  .   c - +1 hat
rElec   .          Harm     .   (no cloak)
rCorr   .          Rampage  .   g - +0 pair of gloves
Will    .....                   (boots unavailable)
Stlth   +.........              (no amulet)
HPRegen 0.08/turn               f - +4 ring of protection
MPRegen 0.11/turn               (no ring)

@: about to teleport
A: beak, talons 3
a: no special abilities


You were on level 3 of the Dungeon.
You visited 1 branch of the dungeon, and saw 3 of its levels.

You collected 128 gold pieces.


Innate Abilities, Weirdness & Mutations

You have a beak for a mouth.
You have claws for feet.


   Skills:
 - Level 2.0 Fighting
 + Level 4.9 Axes
 - Level 1.0 Throwing
 - Level 1.1 Armour
 - Level 2.1 Dodging
 - Level 2.0 Spellcasting
 - Level 2.4 Translocations


You had 7 spell levels left.
You didn't know any spells.
Your spell library contained the following spells:

 Spells                   Type           Power      Damage    Failure   Level
 Blink                    Tloc           14%        N/A       30%         2
 Gell's Gravitas          Tloc           7%         N/A       52%         3
 Lesser Beckoning         Tloc           7%         N/A       52%         3
 Teleport Other           Tloc           7%         N/A       52%         3
 Manifold Assault         Tloc           7%         N/A       99%         5

Inventory:

Hand Weapons
 h - the +8 whip of Noon {elec, rC- Str+5}
   (You found it on level 2 of the Dungeon)

   It occasionally discharges a powerful burst of electricity upon striking a
   foe.
   Str:       It affects your strength (+5).
   rC:        It makes you vulnerable to cold.
 Y - a +3 hand axe of chaos (weapon)
Armour
 c - a +1 hat (worn)
 g - a +0 pair of gloves (worn)
 j - a +0 ring mail (worn)
 k - the +3 ring mail of the Conjuring Gods {rF- Will++ Str+4}
   (You found it on level 3 of the Dungeon)

   Str:       It affects your strength (+4).
   rF:        It makes you vulnerable to fire.
   Will:      It greatly increases your willpower.
Jewellery
 f - a +4 ring of protection (left hand)
Scrolls
 e - a scroll of poison {unknown}
 i - a scroll of identify {unknown}
Potions
 b - a potion of flight {unknown}
 d - a potion of brilliance {unknown}

Dungeon Overview and Level Annotations

Branches:
Dungeon (3/15)

Altars:

Shops:
D:2 [


Message History

The adder is moderately wounded.
The adder bites you but does no damage. x2
You closely miss the adder.
The adder is moderately wounded.
The adder closely misses you.
You barely miss the adder. Your kick misses the adder.
The adder is moderately wounded.
The adder completely misses you.
You hit the adder.
The adder is poisoned.
Your kick misses the adder.
The adder is almost dead.
The adder closely misses you. The adder barely misses you.
You slash the adder!
You kill the adder!
Found a stone staircase leading up.
Enter note:
Enter note: A goblin comes into view. It is wielding a +0 club.
The goblin shouts!
You barely miss the goblin. You claw the goblin.
You kill the goblin!
You now have enough gold to buy a glowing scale mail on D:2.
You can access your shopping list by pressing '$'.
You now have 128 gold pieces (gained 13).
There is a stone staircase leading up here.
An ogre comes into view. It is wielding a +0 giant club.
Enter note:
Enter note: You barely miss the ogre.
The ogre hits you with a +0 giant club!!
Ouch! That really hurt!
2243 ||| READING scroll of teleportation.
As you read the scroll of teleportation, it crumbles to dust.
You feel strangely unstable. The ogre closely misses you.
You hit the ogre. You burn the ogre. You claw the ogre, but do no damage.
The ogre is lightly wounded.
You hit the ogre. You peck the ogre, but do no damage.
The ogre is lightly wounded.
The ogre hits you with a +0 giant club!
You die...

###################
###.....##..........#
........##..........####
........##..............
........##..............
........##..............
........##..........####
......O@..<.........# #
....................####
........#..............#
.......................#
...............).......#
........................
........................
...#######.....###......
.##.....# #.#....


You could see an ogre.

Vanquished Creatures
  4 adders
  2 dart slugs
  An endoplasm (D:1)
  3 goblins
  5 hobgoblins (D:2)
  A kobold (D:2)
  2 quokkas (D:2)
  3 ball pythons
  6 bats
  3 frilled lizards (D:1)
  5 rats
35 creatures vanquished.

Vanquished Creatures (others)
  4 toadstools (D:1)
4 creatures vanquished.

Grand Total: 39 creatures vanquished

Notes
Turn   | Place    | Note
-------+----------+-------------------------------------------
     0 | D:1      | qw the Tengu Warper began the quest for the Orb.
     0 | D:1      | Reached XP level 1. HP: 12/12 MP: 4/4
     0 | D:1      | 0 ||| qw: Version: 0.1-a-89-g26bdef1
     0 | D:1      | 0 ||| qw: Game counter: 2038
     0 | D:1      | 0 ||| qw: Always use a shield: true
     0 | D:1      | 0 ||| qw: God list: Okawaru
     0 | D:1      | 0 ||| qw: Allow faded altars: false
     0 | D:1      | 0 ||| qw: Do Orc after D:15 true
     0 | D:1      | 0 ||| qw: Do second Lair branch before Depths: true
     0 | D:1      | 0 ||| qw: Lair rune preference: random
     0 | D:1      | 0 ||| qw: Plans: Normal
     0 | D:1      | 0 ||| PLANNING D:1-11
   286 | D:1      | Reached XP level 2. HP: 13/17 MP: 6/6
   386 | D:1      | Reached skill level 3 in Axes
   569 | D:1      | 569 ||| Stepping ~*~*~tactically~*~*~ (hiding).
   571 | D:1      | 571 ||| Stepping ~*~*~tactically~*~*~ (hiding).
   693 | D:1      | Found a faded altar of an unknown god.
   941 | D:1      | 941 ||| UPGRADING to +0 pair of gloves.
   946 | D:1      | 946 ||| READING 2 scrolls labelled DAOMATINWI.
   949 | D:1      | 949 ||| READING scroll labelled YNUC BILERCHE.
   950 | D:1      | 950 ||| READING scroll labelled ETHROMM OJIFI.
   951 | D:1      | 951 ||| DROPPING scroll of blinking.
   981 | D:2      | Reached XP level 3. HP: 17/21 MP: 7/7
   981 | D:2      | 981 ||| STAIRDANCE
  1098 | D:2      | Reached skill level 4 in Axes
  1168 | D:2      | Found Kilag's Antique Armour Shop.
  1176 | D:2      | 1176 ||| SHOPLISTING cloak (81 gold, have 56).
  1176 | D:2      | 1176 ||| SHOPLISTING embroidered robe (66 gold, have 56).
  1176 | D:2      | 1176 ||| SHOPLISTING glowing scale mail (126 gold, have
                  | 56).
  1176 | D:2      | 1176 ||| SHOPLISTING glowing troll leather armour (324
                  | gold, have 56).
  1176 | D:2      | 1176 ||| SHOPLISTING plate armour (414 gold, have 56).
  1176 | D:2      | 1176 ||| SHOPLISTING scale mail (72 gold, have 56).
  1300 | D:2      | 1300 ||| Stepping ~*~*~tactically~*~*~ (stealth).
  1301 | D:2      | 1301 ||| Stepping ~*~*~tactically~*~*~ (stealth).
  1302 | D:2      | 1302 ||| Stepping ~*~*~tactically~*~*~ (stealth).
  1355 | D:2      | 1355 ||| DROPPING +0 club.
  1716 | D:2      | 1716 ||| Stepping ~*~*~tactically~*~*~ (stealth).
  1717 | D:2      | 1717 ||| Stepping ~*~*~tactically~*~*~ (stealth).
  1718 | D:2      | 1718 ||| Stepping ~*~*~tactically~*~*~ (stealth).
  1719 | D:2      | 1719 ||| Stepping ~*~*~tactically~*~*~ (stealth).
  1760 | D:2      | 1760 ||| READING scroll of brand weapon.
  1760 | D:2      | 1760 ||| BRANDING +0 hand axe of freezing.
  1855 | D:2      | Reached XP level 4. HP: 24/26 MP: 8/8
  1916 | D:2      | Identified the +8 whip of Noon {elec, rC- Str+5}
  1918 | D:2      | 1918 ||| DROPPING +0 whip.
  2014 | D:2      | 2014 ||| UPGRADING to +1 hat.
  2019 | D:2      | 2019 ||| UPGRADING to +0 ring mail.
  2029 | D:2      | 2029 ||| DROPPING +0 leather armour.
  2030 | D:2      | 2030 ||| UPGRADING to +4 ring of protection.
  2031 | D:2      | 2031 ||| READING 3 scrolls labelled LUDYCW GAEF.
  2032 | D:2      | 2032 ||| READING 2 scrolls of enchant weapon.
  2032 | D:2      | 2032 ||| ENCHANTING +1 hand axe of chaos.
  2033 | D:2      | 2033 ||| READING scroll of enchant weapon.
  2033 | D:2      | 2033 ||| ENCHANTING +2 hand axe of chaos.
  2034 | D:2      | 2034 ||| DRINKING 2 fizzy silvery potions.
  2066 | D:2      | 2066 ||| DROPPING potion of lignification.
  2189 | D:3      | Identified the +3 ring mail of the Conjuring Gods {rF-
                  | Will++ Str+4}
  2236 | D:3      | Noticed an ogre
  2242 | D:3      | HP: 3/26 [ogre/+0 giant club (23)]
  2243 | D:3      | 2243 ||| READING scroll of teleportation.
  2245 | D:3      | Slain by an ogre

Levels and vault maps discovered:
D:1:      ldierk_walled_garden_2, layout_loops_ring,
          hellmonk_ecumenical_altar_zigzags
D:2:      layout_basic, serial_shops, shop
D:3:      layout_basic, uniq_grinder

Skill      XL: |  1  2  3 |
---------------+----------+-----
Axes           | 3 4 |  4.9
Fighting       | |  2.0
Throwing       | |  1.0
Armour         | |  1.1
Dodging        | |  2.1
Spellcasting   | |  2.0
Translocations | |  2.4

Action                   |  1- 3 |  4- 6 || total
-------------------------+-------+-------++-------
Melee: Hand axe          |    73 |    16 ||    89
       Kick              |    16 |     3 ||    19
       Peck              |     6 |     1 ||     7
Throw: Boomerang         |     7 |       ||     7
  Use: Scroll            |     4 |     4 ||     8
       Potion            |       |     1 ||     1
Armor: Leather armour    |    26 |       ||    26
       Ring mail         |       |     3 ||     3
Dodge: Dodged            |    36 |    10 ||    46

Table legend:
 A = Non-vault XP
 B = Vault XP
 C = Vault XP percentage of total XP
 D = Non-vault monster count
 E = Vault monster count
 F = Vault count percentage of total count
                 A         B        C        D         E       F
            +---------+---------+-------+---------+---------+-------
      Total |     106 |       0 |   0.0 |      35 |       0 |   0.0
            +---------+---------+-------+---------+---------+-------
        D:1 |      21 |       0 |   0.0 |      14 |       0 |   0.0
        D:2 |      70 |       0 |   0.0 |      19 |       0 |   0.0
        D:3 |      15 |       0 |   0.0 |       2 |       0 |   0.0
            +---------+---------+-------+---------+---------+-------
